 Dungeon Crawl Stone Soup version 0.21.1-1-g345015f (webtiles) character file.

58 supercigar the Skirmisher (level 4, 0/40 HPs)
             Began as a Hill Orc Fighter on June 20, 2018.
             Succumbed to an adder's poison
             ... on level 1 of the Dungeon.
             The game lasted 00:13:28 (2287 turns).

supercigar the Skirmisher (Hill Orc Fighter)        Turns: 2287, Time: 00:13:29

Health: 0/40       AC:  4    Str: 21 (24) XL:     4   Next: 1%
Magic:  4/4        EV:  8    Int:  5 (8)  God:
Gold:   105        SH:  9    Dex:  9 (10) Spells: 3/3 levels left

rFire    . . .     SeeInvis .   a - +0 war axe
rCold    + . .     Gourm    .   c - +0 shield
rNeg     . . .     Faith    .   v - +1 leather armour {rC+}
rPois    .         Spirit   .   (no helmet)
rElec    .         Reflect  .   (no cloak)
rCorr    .         Harm     .   (no gloves)
MR       .....                  (no boots)
Stlth    +.........             (no amulet)
HPRegen  0.13/turn              (no ring)
MPRegen  0.09/turn              (no ring)

@: mighty, lethally poisoned (0 -> -1)
A: no striking features
a: no special abilities


You were on level 1 of the Dungeon.
You were not hungry.

You visited 1 branch of the dungeon, and saw 2 of its levels.

You collected 105 gold pieces.

Inventory:

Hand Weapons
 a - a +0 war axe (weapon)
 e - a +0 club
 j - a +0 club
 l - a +0 club
 m - a +0 dagger
 o - a +0 mace
Missiles
 g - 51 stones (quivered)
Armour
 b - a +0 scale mail
 c - a +0 shield (worn)
 k - a +0 pair of boots
 n - a +0 robe
 p - a +1 robe of fire resistance
 v - a +1 leather armour of cold resistance (worn)
Scrolls
 i - 2 scrolls of identify
Comestibles
 f - 4 rations


   Skills:
 + Level 4.2 Fighting
 + Level 3.8 Axes
 + Level 3.7 Armour
 + Level 0.2 Dodging
 + Level 3.7 Shields


You had 3 spell levels left.
You didn't know any spells.

Dungeon Overview and Level Annotations

Branches:
Dungeon (2/15)

Altars:


Message History

The adder is heavily wounded.
The adder bites you but does no damage. The adder barely misses you.
You hit the adder.
The adder is almost dead.
* * * LOW HITPOINT WARNING * * *
You feel sick. You block the adder's attack. x2
You hit the adder.
You kill the adder!
You have reached level 4!
Throwing (i - inventory):
g - 51 stones (quivered)
Press: ? - help, Shift-Dir - straight line, f - you
Okay, then.
You eat one of the 5 rations.
That ration really hit the spot!
* * * LOW HITPOINT WARNING * * *
You feel sick.
There is a lethal amount of poison in your body!
You feel very mighty all of a sudden.
* * * LOW HITPOINT WARNING * * *
You feel sick.
You die...

#.#........#.....# #.. #
#.......#..#.###.# #.. #
#.#.###.#..#.# #.# ##.# #
####.#.# #.##.#.# #.# ##..#
#######......# #.##.#.# #.###.#.#
.....##......# #.##.#.###.##.##.#
.....##......# #.##.#.##..#.##..#
.....#####'#.###.##.#.#....######
.(..............@.#........#.(##.
.#.#.##........#..###.##...#.##..
.#.#.##.#.............#....#.#...
##.#.##.#.####.#..########.#.....
...#.##.#......#.[#........#.....
...#.##.#....#.#..#.#####........
##.#.##.#....#.#..#.######.######
.................................
##.#..#.#.#.##....#.###.#########


There were no monsters in sight!

Vanquished Creatures
  An adder (D:1)
  2 worms (D:2)
  A dart slug (D:1)
  3 orcs (D:2)
  3 giant cockroaches
  4 hobgoblins (D:1)
  2 ball pythons (D:2)
  7 bats (D:1)
  A frilled lizard (D:1)
  11 goblins
  A kobold (D:1)
  3 rats (D:1)
  A plant (D:2)
40 creatures vanquished.

Notes
Turn   | Place    | Note
-------+----------+-------------------------------------------
     0 | D:1      | supercigar the Hill Orc Fighter began the quest for the Orb.
     0 | D:1      | Reached XP level 1. HP: 19/19 MP: 1/1
   225 | D:1      | Noticed a troll
   234 | D:1      | Reached skill level 4 in Fighting
   234 | D:1      | Reached XP level 2. HP: 27/27 MP: 2/2
   874 | D:1      | Reached XP level 3. HP: 33/33 MP: 3/3
  2276 | D:1      | HP: 1/33 [poisoned by an adder]
  2277 | D:1      | Reached XP level 4. HP: 2/40 MP: 4/4
  2283 | D:1      | HP: 1/40 [poisoned by an adder]
  2287 | D:1      | Succumbed to an adder's poison

Skill      XL: |  1  2 |
---------------+-------+-----
Fighting       | 4 |  4.2
Axes           | 3 |  3.8
Armour         | |  3.7
Dodging        | |  0.2
Shields        | |  3.7

Action                   |  1- 3 |  4- 6 || total
-------------------------+-------+-------++-------
Melee: War axe           |   181 |       ||   181
  Use: Scroll            |     7 |       ||     7
       Potion            |     4 |     1 ||     5
  Eat: Chunk             |     4 |       ||     4
       Ration            |       |     1 ||     1
Armor: Scale mail        |    25 |       ||    25
       Leather armour    |    39 |       ||    39
Dodge: Dodged            |    60 |       ||    60
Block: Shield            |    86 |       ||    86
